Map: Automaton LE

Players

Botfly - Winner!

  • Race: Terran Terran
  • Spawn Location: 3:00

Mesrob

  • Race: Terran Terran
  • League: Gold
  • Spawn Location: 9:00

VOD

Have the link to the VOD?

Description

Time

  • Played on: Jan. 16, 2019, 11:22 a.m.
  • Length: 13:14
Show
View Real Time Build Order
Export as new Build Order

Botfly Terran - Winner!

Build Orders: Gas First Reaper Expand 

Get SALT Encoding   

  12  0:00  SCV  
  13  0:14  SCV  
  14  0:18  Supply Depot  
  14  0:26  SCV  
  15  0:29  Refinery  
  15  0:40  SCV  
  16  0:47  Barracks  
  16  0:52  SCV  
  17  1:05  SCV  
  18  1:17  SCV  
  19  1:33  Orbital Command  
  19  1:35  Reaper  
  20  1:47  Command Center  
  20  2:00  Factory  
  20  2:03  Refinery  
  20  2:13  Barracks Reactor  
  20  2:22  Supply Depot  
  20  2:23  SCV  
  21  2:35  SCV  
  22  2:46  Factory Tech Lab  
  22  2:47  SCV  
  22  2:49  Starport  
  23  2:52  Marine x2  
  25  2:59  SCV  
  25  3:00  Orbital Command  
  26  3:10  Marine x2  
  26  3:12  SCV  
  29  3:18  Siege Tank  
  32  3:24  SCV  
  33  3:27  SCV  
  34  3:47  SCV  
  34  3:48  SCV  
  36  3:49  Starport Tech Lab  
  36  3:54  Command Center  
  36  3:59  SCV  
  36  4:00  SCV  
  37  4:05  Supply Depot  
  37  4:06  Refinery  
  37  4:12  SCV x2, Raven  
  37  4:16  Cyclone  
  44  4:21  Marine x2  
  46  4:27  SCV  
  46  4:28  Supply Depot  
  47  4:36  SCV  
  48  4:49  Siege Tank  
  51  5:04  Starport Reactor  
  51  5:08  Orbital Command  
  51  5:15  Barracks x2  
  51  5:16  SCV x2  
  51  5:19  Marine  
  51  5:21  Siege Tank  
  57  5:27  Engineering Bay  
  57  5:28  Engineering Bay  
  57  5:29  Supply Depot  
  57  5:31  Supply Depot  
  57  5:36  Marine  
  58  5:53  Siege Tank  
  58  5:54  Marine  
  62  5:58  Starport Reactor  
  62  6:01  SCV  
  62  6:02  Stimpack, SCV  
  64  6:09  Orbital Command  
  64  6:12  Marine  
  64  6:14  SCV x2  
  64  6:17  Supply Depot  
  67  6:23  Supply Depot, Terran Infantry Weapons Level 1  
  67  6:24  Terran Infantry Armor Level 1  
  67  6:26  SCV x2  
  67  6:29  Marine x2  
  67  6:30  Marine  
  67  6:31  Marine x2  
  67  6:32  Siege Tank  
  77  6:40  Supply Depot  
  77  6:42  SCV  
  77  6:43  SCV  
  77  6:44  SCV  
  80  6:48  Refinery  
  80  6:54  Marine x3  
  80  6:55  Marine x2, SCV x2  
  80  6:56  SCV  
  88  7:01  Medivac  
  88  7:04  Siege Tank  
  88  7:07  SCV x2  
  95  7:10  Supply Depot  
  95  7:11  Supply Depot  
  95  7:22  Armory  
  95  7:26  Marine x3  
  95  7:27  Marine x2  
  100  7:36  Siege Tank  
  103  7:38  Supply Depot  
  103  7:42  Barracks  
  103  7:43  Barracks  
  103  7:44  Marine  
  103  7:46  Supply Depot  
  104  8:02  Marine  
  104  8:03  Marine x4  
  104  8:04  Medivac  
  104  8:05  Medivac  
  113  8:08  Siege Tank  
  113  8:09  Combat Shield  
  116  8:15  Supply Depot x2  
  116  8:18  SCV x3  
  116  8:19  Refinery x2  
  118  8:30  SCV x3  
  120  8:45  SCV x3  
  120  8:47  Barracks Reactor x2  
  123  8:53  Barracks  
  123  8:54  Barracks  
  123  8:55  Barracks  
  123  8:56  Barracks  
  123  8:58  Supply Depot  
  123  9:02  Terran Infantry Weapons Level 2, Terran Vehicle Weapons Level 1  
  123  9:03  Terran Infantry Armor Level 2  
  123  9:11  Marine x4  
  123  9:13  Siege Tank  
  130  9:22  SCV x3  
  133  9:31  Command Center  
  133  9:33  Command Center  
  133  9:34  Marine x9, SCV x3  
  133  9:36  Medivac x2  
  149  9:45  Siege Tank  
  152  9:46  Barracks Reactor x2, SCV x3  
  152  9:47  Barracks Reactor  
  152  9:51  Marine, Supply Depot  
  152  9:52  Supply Depot  
  156  9:58  SCV x2  
  158  10:06  Marine x8  
  166  10:08  Medivac  
  166  10:09  Marine  
  169  10:17  Siege Tank  
  172  10:23  Marine x2  
  174  10:28  Marine  
  174  10:29  Marine x6  
  174  10:33  Supply Depot  
  174  10:35  Supply Depot  
  181  10:36  Marine  
  181  10:37  Marine x5  
  181  10:38  Medivac  
  181  10:41  Concussive Shells  
  181  10:42  Marine x2, Medivac  
  193  10:45  Sensor Tower  
  193  10:46  Marine x2  
  193  10:48  Marine x4  
  185  11:09  Marine x9  
  185  11:10  Marine x4  
  164  11:24  Refinery, SCV x3  
  164  11:25  Refinery, Marine, SCV  
  168  11:26  Marine x2  
  168  11:27  Marine x9, Siege Tank  
  168  11:28  Medivac x2  
  187  11:36  SCV  
  187  11:39  Marine x3  
  190  11:43  Marine x2  
  190  11:44  Marine, Supply Depot  
  190  11:45  Supply Depot  
  194  11:52  Marine x3  
  194  11:53  Marine x3  
  200  12:09  Planetary Fortress  
  200  12:11  Missile Turret  
  197  12:34  Marine x3  
  167  12:55  Marine x8  
  167  12:56  Marine x5  
Show
View Real Time Build Order
Export as new Build Order

Mesrob Terran 

Build Orders: Mech 

Get SALT Encoding   

  12  0:00  SCV  
  13  0:13  SCV  
  14  0:18  Supply Depot  
  14  0:25  SCV  
  15  0:40  SCV  
  15  0:42  Barracks  
  16  0:51  Refinery  
  16  0:52  SCV  
  17  1:04  SCV  
  18  1:16  SCV  
  19  1:30  Orbital Command  
  19  1:42  Command Center  
  19  1:43  Marine  
  20  1:57  Bunker  
  20  1:59  SCV  
  21  2:08  Factory  
  21  2:11  SCV  
  22  2:22  Marine  
  22  2:30  SCV  
  23  2:49  Supply Depot  
  23  2:50  Barracks Tech Lab  
  23  2:54  SCV  
  24  3:02  Refinery  
  24  3:06  Orbital Command  
  24  3:21  Siege Tank  
  24  3:23  SCV  
  28  3:32  SCV  
  29  3:35  SCV  
  30  3:44  SCV  
  30  3:47  SCV  
  32  3:53  Siege Tank  
  35  3:56  SCV  
  36  4:05  Refinery  
  36  4:10  Supply Depot  
  36  4:16  SCV  
  37  4:19  SCV  
  38  4:25  Siege Tank  
  38  4:27  Command Center  
  38  4:29  SCV  
  42  4:32  SCV  
  42  4:33  Engineering Bay  
  42  4:35  Armory  
  43  4:41  SCV  
  43  4:44  SCV  
  45  4:46  Refinery  
  45  4:52  Marine  
  46  4:53  SCV  
  46  4:56  SCV  
  46  4:57  Siege Tank  
  51  5:00  Supply Depot  
  51  5:05  SCV  
  52  5:08  SCV  
  53  5:17  SCV  
  53  5:20  Missile Turret  
  54  5:21  SCV  
  54  5:23  Supply Depot  
  55  5:28  Missile Turret  
  55  5:29  SCV  
  56  5:41  Terran Vehicle Weapons Level 1  
  59  5:43  Supply Depot  
  59  5:45  Thor  
  59  5:49  Missile Turret  
  62  6:04  SCV x2  
  62  6:08  Planetary Fortress, Missile Turret  
  64  6:12  Missile Turret  
  64  6:16  SCV x2  
  66  6:28  SCV x2  
  66  6:29  Factory  
  68  6:36  Missile Turret  
  68  6:40  SCV x2  
  68  6:43  Factory  
  68  6:46  Thor  
  76  6:52  Supply Depot, SCV  
  76  6:53  SCV  
  78  7:00  Missile Turret  
  78  7:14  Supply Depot, Factory Reactor  
  78  7:19  Armory  
  78  7:28  Factory  
  78  7:33  Factory  
  78  7:34  SCV  
  78  7:36  SCV  
  80  7:38  Supply Depot  
  80  7:46  SCV  
  81  7:59  SCV x2  
  81  8:00  Supply Depot  
  81  8:05  Refinery  
  83  8:06  Refinery  
  83  8:13  Factory Reactor  
  83  8:15  Hellbat  
  83  8:16  Hellbat, Thor  
  83  8:19  Command Center  
  93  8:20  Terran Vehicle And Ship Armor Level 1  
  93  8:23  Supply Depot  
  93  8:28  Terran Vehicle Weapons Level 2  
  93  8:31  Factory Tech Lab  
  93  8:46  Supply Depot  
  93  8:51  SCV x3  
  96  8:58  Factory Tech Lab  
  96  8:59  Thor  
  96  9:00  Hellbat x4  
  110  9:03  SCV x3  
  113  9:15  SCV  
  114  9:19  Supply Depot  
  114  9:34  Command Center  
  114  9:35  Planetary Fortress  
  114  9:39  Refinery  
  114  9:41  SCV x2  
  114  9:42  Supply Depot  
  114  9:43  SCV  
  117  9:50  Thor x3  
  117  9:52  Hellion x3  
  143  9:53  Hellion, SCV  
  144  10:02  Factory  
  144  10:04  Refinery, Factory  
  144  10:07  Supply Depot  
  144  10:30  Supply Depot  
  144  10:32  Sensor Tower  
  144  10:48  Factory  
  144  10:49  Factory  
  143  10:54  Supply Depot  
  141  11:01  Sensor Tower  
  133  11:10  Thor x3  
  123  11:11  Hellion  
  123  11:12  Hellion x3  
  123  11:17  Missile Turret  
  106  11:29  SCV x3  
  109  11:33  Factory  
  109  11:40  Missile Turret  
  109  11:56  Thor x2  
  109  11:57  Hellion x4, Thor  
  109  11:58  Hellbat x3  
  109  11:59  Hellbat  
  109  12:00  Factory Tech Lab, Factory Reactor  
  130  12:31  Factory Reactor  
  130  12:32  Factory Tech Lab  
  130  12:37  Factory Tech Lab  
Tags
 
Composition
Mech
League
Gold
Matchup
TvT
Race
Terran
Replay Pack
sc2 replays
Spawn Locations
Cross Positions
Add a new tag
Caveats
  • Supply blocks, unpowered buildings, or Contaminate may cause inaccurate times.
  • Supply counts are checked every 10 seconds.